 Dungeon Crawl Stone Soup version 0.27-a0-1189-gb8eb6cee8e (webtiles) character file.

Game seed: 3723025417255096142

4914 Aggronaut the Schismatic (level 10, -23/70 HPs)
             Began as a Demonspawn Abyssal Knight on May 23, 2021.
             Was an Elder of Lugonu.
             Annihilated by a large abomination (24 damage)
             ... summoned by Lugonu's corruption
             ... on level 11 of the Dungeon.
             The game lasted 00:24:19 (11255 turns).

Aggronaut the Schismatic (DsAK)                    Turns: 11255, Time: 00:24:19

Health: -23/70     AC: 12    Str: 14    XL:     10   Next: 27%
Magic:  11/18      EV: 10    Int: 21    God:    Lugonu [****..]
Gold:   105        SH:  8    Dex: 14    Spells: 8/9 levels left

rFire    + . .     SeeInvis +   u - +7 mace "Geoc" {flame, rC- rN+++ Int+3 SInv}
rCold    + . .     Faith    .   F - +0 buckler
rNeg     + + +     Spirit   .   a - +3 leather armour {rC+}
rPois    +         Reflect  +   B - +0 helmet
rElec    +         Harm     .   e - scarf {rC+ rF+}
rCorr    .         Rampage  .   (gloves unavailable)
Will     +....                  (no boots)
Stlth    +.........             b - amulet of reflection
HPRegen  1.21/turn              d - ring "Tathuquh" {rElec Will+ AC+4 Int+4}
MPRegen  0.16/turn              r - ring of poison resistance

@: no status effects
A: claws 3, demonic guardian 1, powered by death 2, sharp scales 1
a: Renounce Religion, Depart the Abyss, Bend Space, Banish, Corrupt


You were on level 11 of the Dungeon.
You worshipped Lugonu.
Lugonu was greatly pleased with you.
You visited 2 branches of the dungeon, and saw 10 of its levels.
You visited the Abyss 1 time.
You also visited: Ossuary.

You collected 535 gold pieces.
You spent 430 gold pieces at shops.

Inventory:

Hand Weapons
 f - the +10 short sword of Subjectivity {freeze, rCorr Int-3 Dex+7 SInv}
   (You took it off an orc on level 8 of the Dungeon)

   It has been specially enchanted to freeze those struck by it, causing extra
   injury to most foes and up to half again as much damage against particularly
   susceptible opponents.
   It can also slow down cold-blooded creatures.
   It affects your intelligence (-3).
   It affects your dexterity (+7).
   It lets you see invisible.
   It protects you from acid and corrosion.
 n - a +2 whip of venom
 u - the +7 mace "Geoc" (weapon) {flame, rC- rN+++ Int+3 SInv}
   (You found it on level 5 of the Dungeon)

   It has been specially enchanted to burn those struck by it, causing extra
   injury to most foes and up to half again as much damage against particularly
   susceptible opponents.
   It affects your intelligence (+3).
   It makes you vulnerable to cold.
   It renders you almost immune to negative energy.
   It lets you see invisible.
Missiles
 h - 49 poisoned darts (quivered)
 t - 2 atropa-tipped darts
 w - a curare-tipped dart
Armour
 a - a +3 leather armour of cold resistance (worn)
 e - a scarf of resistance (worn)
 B - a +0 helmet (worn)
 F - a +0 buckler (worn)
 G - +0 steam dragon scales
Jewellery
 b - an amulet of reflection (around neck)
 d - the ring "Tathuquh" (left claw) {rElec Will+ AC+4 Int+4}
   (You bought it in a shop on level 6 of the Dungeon)

   [ring of protection]

   It affects your AC (+4).
   It affects your intelligence (+4).
   It insulates you from electricity.
   It increases your willpower.
 i - a ring of fire
 r - a ring of poison resistance (right claw)
 A - a ring of resist corrosion
Wands
 s - a wand of iceblast (12)
 D - a wand of digging (4)
Scrolls
 c - 3 scrolls of magic mapping {unknown}
 g - a scroll of amnesia {unknown}
 k - 2 scrolls of noise {unknown}
 l - a scroll of silence {unknown}
 o - 6 scrolls of teleportation
 p - 2 scrolls of fear {unknown}
 q - a scroll of immolation
 v - 3 scrolls of enchant weapon
 x - 2 scrolls of fog {unknown}
 y - a scroll of holy word
Potions
 j - 6 potions of curing
 m - 2 potions of mutation
 z - 2 potions of haste
 C - a potion of flight {unknown}
 E - a potion of heal wounds


   Skills:
 - Level 3.1 Fighting
 - Level 3.1 Long Blades
 * Level 10.9 Maces & Flails
 - Level 1.7 Armour
 - Level 0.8 Dodging
 + Level 11.4 Invocations


You had 8 spell levels left.
You knew the following spells:

 Your Spells              Type           Power      Damage    Failure   Level
a - Pain                  Necr           0%         1d4       36%         1

Your spell library contained the following spells:

 Spells                   Type           Power      Damage    Failure   Level
 Animate Skeleton         Necr           0%         N/A       36%         1
 Magic Dart               Conj           0%         1d3       36%         1
 Blink                    Tloc           N/A        N/A       50%         2
 Call Imp                 Summ           0%         N/A       50%         2
 Slow                     Hex            0%         N/A       50%         2
 Confusing Touch          Hex            0%         N/A       75%         3
 Conjure Flame            Conj/Fire      0%         6-21      75%         3
 Gell's Gravitas          Tloc           0%         N/A       75%         3
 Mephitic Cloud           Conj/Pois/Air  0%         N/A       75%         3
 Vampiric Draining        Necr           0%         2d6       75%         3
 Animate Dead             Necr           0%         N/A       98%         4
 Petrify                  Tmut/Erth      0%         N/A       98%         4
 Agony                    Necr           0%         N/A       100%        5
 Metabolic Englaciation   Hex/Ice        0%         N/A       100%        5
 Yara's Violent Unravell  Hex/Tmut       0%         3d3       100%        5


Dungeon Overview and Level Annotations

Branches:
Dungeon (8/15)             Temple (0/1) D:5            Lair (1/6) D:8
Ossuary (visited)

Altars:
Cheibriados
Fedhas
Hepliaklqana
Okawaru
Trog
Wu Jian
Xom

Shops:
D:4 !   D:5 *   D:6 **   D:7 :

Annotations:
D:8 Gastronok
D:11 corrupted


Innate Abilities, Weirdness & Mutations

You have claws for hands.
A weak demonic guardian rushes to your aid.
You regenerate health from kills.
You are partially covered in razor-sharp scales. (AC +1, Slay +1)


Message History

The thrashing horror barely misses the yak.
Psyche hits you with a +0 dagger of chaos.
The small abomination misses the brown ugly thing.
The small abomination hits the brown ugly thing.
The small abomination hits the yak.
The balrug hits the brown ugly thing with a +0 demon whip of draining!!
The brown ugly thing dies!
The thrashing horror tramples the yak!
The yak holds its ground!
The thrashing horror closely misses the yak.
The yak barely misses the small abomination.
The small abomination closely misses Psyche.
The raiju completely misses the yak.
Psyche hits you with a +0 dagger of chaos.
* * * LOW HITPOINT WARNING * * *
Something stings the yak!
The yak looks as sick as possible!
Something poisons the yak!
The starspawn tentacle moves out of view.
You hit Psyche. You burn Psyche.
Psyche is lightly wounded.
The yak dies!
The balrug gestures at Psyche.
Psyche is smitten.
The small abomination is engulfed in blazing flames.
Psyche barely misses you.
Something hits Psyche.
Something corrodes Psyche!
You sock Psyche! You burn Psyche.
You kill Psyche!
Lugonu accepts your kill. The quasit bites you.
* * * LOW HITPOINT WARNING * * *
The quasit claws you but does no damage.
You block the quasit's attack. Space bends sharply around you!
The thrashing horror roars!
The thrashing horror blinks!
The small abomination blinks!
You blink.
The efreet hits you with a +2 scimitar of flaming!
* * * LOW HITPOINT WARNING * * *
A demonic guardian appears!
The efreet burns you.
* * * LOW HITPOINT WARNING * * *
A starcursed mass splits.
The large abomination hits you!!
You die...

##### ..###
##...## [>...
#.X...## .#w..°#
#..#○.# #... ..#
##XR####.X# .X.
#.#.X@#.#4.#R○#
#)..X#5Z4x4#..#
#...xu.Xx...$h.#
#...☼#x.25#§x#.h#
##z...5###§§##
##......# ####
##..5.x.X#
#...###.## #..##
.#


You could see 3 neutral starcursed masses, a neutral cyan very ugly thing
(summoned, wandering), a neutral balrug (summoned, wandering), a neutral orange
demon (summoned, wandering), 2 neutral large abominations, a neutral rust devil
(summoned, wandering), a neutral efreet (summoned, wandering), a neutral raiju
(summoned), 4 neutral small abominations, a neutral wight (summoned, wandering),
a neutral quasit (summoned, wandering), a neutral ufetubus (summoned,
wandering), a neutral snapping turtle skeleton (summoned, wandering) and a
friendly ufetubus (summoned).

Vanquished Creatures
  A two-headed ogre (D:8)
  A cane toad (Lair:1)
  Maggie (D:6)
  Psyche (D:11)
  A komodo dragon (D:8)
  Grinder (D:6)
  Eustachio (D:6)
  A steam dragon (D:7)
  Edmund (D:6)
  A sky beast (D:8)
  3 ice beasts
  2 necrophages
  A centaur (D:8)
  3 ogres
  A phantom (D:5)
  A kobold brigand (D:7)
  An elf zombie (Ossuary)
  3 scorpions
  A wyvern zombie (D:8)
  A water moccasin zombie (D:6)
  A water moccasin skeleton (D:4)
  3 wights (D:8)
  2 centaur zombies (Ossuary)
  4 hounds
  A bullfrog skeleton (D:6)
  A human zombie (Ossuary)
  3 orc priests
  A water moccasin simulacrum (D:4)
  A centaur skeleton (D:4)
  A scorpion zombie (D:5)
  Crazy Yiuf (D:5)
  A gnoll shaman (D:4)
  9 orc wizards
  2 mummies (Ossuary)
  4 gnolls (D:4)
  7 adders
  A hound simulacrum (D:4)
  A white imp (D:5)
  2 adder zombies (Ossuary)
  2 worms
  2 adder simulacra (D:4)
  A dart slug (D:1)
  25 orcs
  4 endoplasms
  2 giant cockroaches
  9 goblins
  7 hobgoblins
  2 quokkas (D:3)
  8 ball pythons
  3 bats
  2 goblin zombies (Ossuary)
  5 hobgoblin zombies (Ossuary)
  A jackal zombie (Ossuary)
  12 kobolds
  10 kobold zombies (Ossuary)
  11 orc zombies (Ossuary)
  2 rats
  A rat zombie (Ossuary)
182 creatures vanquished.

Vanquished Creatures (collateral kills)
  The ghost of Hector the Skirmisher, an amateur FoAK of Lugonu (D:4)
  A black bear (D:5)
  A centaur zombie (Ossuary)
  A gnoll (D:4)
  An adder (D:1)
  An ufetubus (D:3)
  9 orcs
  A ball python (D:3)
  2 goblins
  A kobold (D:7)
19 creatures vanquished.

Vanquished Creatures (others)
  An ugly thing (D:11)
  3 yaks (D:11)
  39 plants
  6 starspawn tentacles (D:11)
49 creatures vanquished.

Grand Total: 250 creatures vanquished

Notes
Turn   | Place    | Note
-------+----------+-------------------------------------------
     0 | Abyss:1  | Aggronaut the Demonspawn Abyssal Knight began the quest for
                  | the Orb.
     0 | Abyss:1  | Reached XP level 1. HP: 18/18 MP: 2/2
    48 | Abyss:1  | Noticed a thrashing horror
    51 | D:1      | Escaped the Abyss
   381 | D:1      | Reached * piety under Lugonu
   540 | D:1      | Gained mutation: A weak demonic guardian rushes to your
                  | aid. [demonic ancestry]
   540 | D:1      | Reached XP level 2. HP: 24/24 MP: 4/4
   918 | D:1      | Reached skill level 3 in Invocations
  1502 | D:2      | Gained mutation: You regenerate a little health from kills.
                  | [demonic ancestry]
  1502 | D:2      | Reached XP level 3. HP: 23/29 MP: 5/5
  2498 | D:3      | Gained mutation: You have sharp fingernails. [demonic
                  | ancestry]
  2498 | D:3      | Reached XP level 4. HP: 28/35 MP: 6/6
  2606 | D:3      | Reached skill level 1 in Maces & Flails
  2887 | D:3      | Reached skill level 4 in Invocations
  3071 | D:3      | Reached XP level 5. HP: 36/41 MP: 8/8
  3250 | D:3      | Reached ** piety under Lugonu
  3278 | D:4      | Noticed an ogre
  3285 | D:4      | Killed an ogre
  3294 | D:4      | HP: 1/41 [orc/+0 trident (7)]
  3528 | D:4      | Reached skill level 5 in Invocations
  3532 | D:4      | Gained mutation: You have very sharp fingernails. [demonic
                  | ancestry]
  3532 | D:4      | Reached XP level 6. HP: 25/47 MP: 9/9
  4357 | D:4      | Found Fidwullu's Distillery.
  4358 | D:4      | Noticed an ice beast
  4358 | D:4      | Noticed Hector's ghost (amateur FoAK)
  4358 | D:4      | Noticed an ice beast
  4366 | D:4      | Bought a potion of mutation for 112 gold pieces
  4366 | D:4      | Bought a potion of might for 56 gold pieces
  4366 | D:4      | Bought a potion of curing for 42 gold pieces
  4376 | D:4      | Learned a level 1 spell: Pain
  4530 | D:4      | Found a runed translucent gate.
  4530 | D:4      | Found a runed translucent gate.
  4530 | D:4      | Found a runed translucent gate.
  5041 | D:5      | Entered Level 5 of the Dungeon
  5081 | D:4      | Gained mutation: You are partially covered in razor-sharp
                  | scales. (AC +1, Slay +1) [demonic ancestry]
  5081 | D:4      | Reached XP level 7. HP: 31/52 MP: 11/11
  5477 | D:4      | Reached skill level 6 in Invocations
  5517 | D:4      | Killed Hector's ghost
  5518 | D:4      | Reached skill level 5 in Maces & Flails
  5817 | D:4      | Reached skill level 7 in Invocations
  6172 | D:5      | Gained mutation: You regenerate health from kills. [demonic
                  | ancestry]
  6172 | D:5      | Reached XP level 8. HP: 58/58 MP: 13/13
  6197 | D:5      | Reached *** piety under Lugonu
  6202 | D:5      | Found a staircase to the Ecumenical Temple.
  6619 | D:5      | Reached skill level 8 in Invocations
  6658 | D:5      | Found Taibeskaum's General Store.
  7053 | D:5      | Bought a scroll of enchant weapon for 105 gold pieces
  7100 | D:5      | Found a runed translucent door.
  7101 | D:5      | Noticed Crazy Yiuf
  7109 | D:5      | Killed Crazy Yiuf
  7113 | D:5      | Identified the +7 mace "Geoc" {flame, rC- rN+++ Int+3 SInv}
  7321 | D:6      | You fall into a shaft and drop 2 floors!
  7444 | D:7      | Found a sand-covered staircase.
  7461 | Ossuary  | Entered an ossuary
  7563 | Ossuary  | Reached **** piety under Lugonu
  7598 | Ossuary  | Reached skill level 9 in Invocations
  7808 | D:7      | Found an ornate altar of the Wu Jian Council.
  7819 | D:7      | Gained mutation: You have claws for hands. [demonic
                  | ancestry]
  7819 | D:7      | Reached XP level 9. HP: 42/63 MP: 15/15
  8008 | D:7      | Found a shimmering altar of Xom.
  8014 | D:7      | Found a snail-covered altar of Cheibriados.
  8017 | D:7      | Found an iron altar of Okawaru.
  8020 | D:7      | Found a blossoming altar of Fedhas.
  8022 | D:7      | Found a hazy altar of Hepliaklqana.
  8256 | D:7      | Found a bloodstained altar of Trog.
  8368 | D:7      | Found Zeluk's Book Shoppe.
  8697 | D:6      | Found Utifiodu's Assorted Antiques.
  8937 | D:6      | Noticed Maggie
  8952 | D:6      | Killed Maggie
  9152 | D:6      | Noticed Edmund
  9344 | D:6      | Killed Edmund
  9345 | D:6      | Reached skill level 10 in Invocations
  9563 | D:6      | Found Monga's Assorted Antiques.
  9566 | D:6      | Bought a scintillating bone ring for 115 gold pieces
  9566 | D:6      | Identified the ring "Tathuquh" {rElec Will+ AC+4 Int+4}
                  | (You bought it in a shop on level 6 of the Dungeon)
  9661 | D:6      | Noticed Grinder
  9676 | D:6      | Killed Grinder
  9785 | D:6      | You fall into a shaft and drop 2 floors!
  9799 | D:8      | Noticed Gastronok
  9880 | D:8      | Noticed a two-headed ogre
  9887 | D:8      | Killed a two-headed ogre
  9888 | D:8      | Reached skill level 10 in Maces & Flails
 10356 | D:6      | Noticed Eustachio
 10364 | D:6      | Killed Eustachio
 10423 | D:6      | Reached XP level 10. HP: 70/70 MP: 18/18
 10688 | D:8      | Found a staircase to the Lair.
 10697 | D:8      | Reached skill level 11 in Invocations
 10731 | D:8      | Identified the +10 short sword of Subjectivity {freeze,
                  | rCorr Int-3 Dex+7 SInv}
 10745 | Lair:1   | Entered Level 1 of the Lair of Beasts
 10745 | Lair:1   | Noticed a cane toad
 10761 | Lair:1   | Killed a cane toad
 11208 | D:8      | You fall into a shaft and drop 3 floors!
 11209 | D:11     | Noticed a brown ugly thing
 11247 | D:11     | Noticed Psyche
 11249 | D:11     | Corrupted D:11
 11249 | D:11     | Noticed a tentacled starspawn
 11249 | D:11     | Noticed a cyan very ugly thing
 11249 | D:11     | Noticed an orange demon
 11249 | D:11     | Noticed a balrug
 11249 | D:11     | Noticed a large abomination
 11249 | D:11     | Noticed a worldbinder
 11249 | D:11     | Noticed a tentacled starspawn
 11249 | D:11     | Noticed a starcursed mass
 11249 | D:11     | Noticed a thrashing horror
 11250 | D:11     | Noticed a smoke demon
 11252 | D:11     | Killed a brown ugly thing
 11254 | D:11     | Killed Psyche
 11254 | D:11     | Noticed a rust devil
 11255 | D:11     | HP: 1/70 [efreet/+2 scimitar of flaming[Lugonu's
                  | corruption] (4)]
 11255 | D:11     | Annihilated by a large abomination

Illustrated notes

Levels and vault maps discovered:
D:1:      dpeg_arrival_more_subterranean_lakeside_camping, layout_basic
D:2:      layout_basic, minmay_tiny_reverse_x
D:3:      layout_loops_ring, roderic_roman_lattice
D:4:      layout_loops_ring, gammafunk_ghost_icy, serial_shops, shop
D:5:      layout_loops_ring, temple_doors_e, serial_shops,
          nicolae_shop_waterfront, uniq_crazy_yiuf_cottage
D:6:      layout_basic, serial_shops, kennysheep_mini_moat,
          nicolae_shop_overgrown_old_shop, uniq_eustachio, uniq_edmund,
          uniq_maggie, uniq_grinder
D:7:      layout_gridville, minitemple, trog_hazing_becter, enter_ossuary_3,
          serial_shops, shop
D:8:      minmay_chambers_of_sixes, layout_basic, david_lair_shrubbed,
          minmay_holes, uniq_joseph, uniq_gastronok
D:11:     layout_layer_cave, minmay_misc_feat_more_columns, uniq_psyche
Lair:1:   layout_roguey, portal_ice_cave_entry_pillars_1, grunt_megastairs_3

Skill      XL: |  1  2  3  4  5  6  7  8  9 10 |
---------------+-------------------------------+-----
Long Blades    | 2 3 |  3.1
Invocations    | 3 4 5 7 9 10 11 | 11.4
Maces & Flails | 2 3 4 6 8 10 | 10.9
Fighting       | |  3.1
Armour         | |  1.7
Dodging        | |  0.8

Action                   |  1- 3 |  4- 6 |  7- 9 | 10-12 || total
-------------------------+-------+-------+-------+-------++-------
Melee: Falchion          |    61 |       |       |       ||    61
       Whip              |    17 |   154 |   228 |       ||   399
       Mace              |       |       |   185 |    70 ||   255
Throw: Dart              |     2 |     3 |     4 |       ||     9
Invok: Depart the Abyss  |     1 |       |       |       ||     1
       Bend Space        |       |       |     2 |     2 ||     4
       Corrupt           |       |       |       |     1 ||     1
  Use: Potion            |       |     2 |     3 |       ||     5
       Scroll            |       |     2 |     2 |     1 ||     5
 Stab: Distracted        |       |     1 |     2 |       ||     3
Armor: Leather armour    |     3 |       |    13 |    18 ||    34
       Ring mail         |    19 |    50 |   149 |       ||   218
       Steam dragon scal |       |       |     1 |       ||     1
Dodge: Dodged            |    54 |    61 |   159 |    20 ||   294
Block: Buckler           |       |       |    19 |    23 ||    42
       Rpst.: Falchion   |    14 |       |       |       ||    14

Table legend: (Time is in decaauts)
 A = Elapsed time spent in this place.
 B = Non-inter-level travel time spent in this place.
 C = Inter-level travel time spent in this place.
 D = Time resting spent in this place.
 E = Time spent auto-exploring this place.
 F = Levels seen in this place.
 G = Mean time per level.
                   A        B        C        D        E       F      G
               +--------+--------+--------+--------+--------+-----+--------+
         Total |  11195 |  10921 |    274 |   4152 |   4631 |  12 |  932.9 |
       Dungeon |  10753 |  10479 |    274 |   4068 |   4492 |   9 | 1194.8 |
          Lair |    171 |    171 |      0 |     84 |     30 |   1 |  171.0 |
         Abyss |     51 |     51 |      0 |      0 |     47 |   1 |   51.0 |
       Ossuary |    219 |    219 |      0 |      0 |     62 |   1 |  219.0 |
               +--------+--------+--------+--------+--------+-----+--------+

Top non-repeatable levels by time:
     D:4: 2106 daAuts
     D:6: 1767 daAuts
     D:3: 1552 daAuts
     D:1: 1233 daAuts
     D:5: 1183 daAuts
     D:7: 1114 daAuts
     D:2: 1047 daAuts
     D:8: 701 daAuts
 Ossuary: 219 daAuts
  Lair:1: 171 daAuts
 Abyss:1: 51 daAuts
    D:11: 46 daAuts
